Demolitions vs High Goats
Created - 27 février 2013 at 23:30
Goals
|
| Demolitions |
1 |
0 |
1 |
0 |
0 |
2 |
| High Goats |
1 |
1 |
0 |
0 |
1 |
3 |
|
Shots
|
| Demolitions |
18 |
6 |
11 |
2 |
3 |
37 |
| High Goats |
16 |
9 |
3 |
3 |
2 |
31 |
|
1st period
1. High Goats , Chris Stewart 24 (Gilbert Brule, Lukas Krajicek) at 7:13
2. Demolitions , Troy Brouwer 17 (Anthony Stewart) at 19:44
Penalties :
Nick Bonino (Buc) for Hooking (Minor) at 12:32
2nd period
3. High Goats , Craig Weller 27 (Joël Perrault, Jiri Tlusty) at 6:24
Penalties :
Pavel Brendl (Buc) for Hooking (Minor) at 14:43, Nicolas Blanchard (Vic) for Tripping (Minor) at 14:43
3rd period
4. Demolitions , Brandon Bochenski 17 (Janne Niskala, Petr Vrana) at 7:03
Penalties :
Brendon Segal (Buc) for Roughing (Minor) at 3:37, Gilbert Brule (Buc) for Holding (Minor) at 9:15, Brandon Bochenski (Vic) for Tripping (Minor) at 11:25
Overtime #1
No Goal
Penalties :
No Penalty
Shootout
Penalty Shot by Jeremy Williams for Demolitions - Stopped by Jonathan Bernier
Penalty Shot by Gilbert Brule for High Goats - Shot Misses the Net
Penalty Shot by Anthony Stewart for Demolitions - Stopped by Jonathan Bernier
Penalty Shot by Brad Larsen for High Goats - Goal!
Penalty Shot by Marco Sturm for Demolitions - Stopped by Jonathan Bernier
Penalties :
No Penalty
Goalie Stats
Sergei Bobrovsky (Vic), 29 saves from 31 shots - (0,935), OTL, 5-9-2, 65:00 minutes
Jonathan Bernier (Buc), 35 saves from 37 shots - (0,946), W, 13-8-4, 65:00 minutes
Players Stats for Demolitions
Player Name G A P +/- PIM S H SB GA TA FO MP PP MP PK MP
------------------------------------------------------------------------------------
Andy Rogers 0 0 0 0 0 1 1 1 0 0 0/0 20:09 2:06 0:56
Anssi Salmela 0 0 0 0 0 0 0 0 0 0 0/0 6:46 0:00 0:00
Anthony Stewart 0 1 1 0 0 1 3 0 0 0 0/0 19:54 2:32 0:59
Anton Babchuk 0 0 0 0 0 1 1 4 0 0 0/0 20:09 2:06 0:56
Brandon Bochenski 1 0 1 1 2 4 1 2 0 1 0/1 14:01 0:00 0:00
Dennis Seidenberg 0 0 0 0 0 1 4 0 1 1 0/0 26:55 3:51 1:03
James Sheppard 0 0 0 1 0 0 0 0 1 0 2/6 11:43 0:00 0:00
Janne Niskala 0 1 1 0 0 3 0 2 1 0 0/0 26:55 3:51 1:03
Jeremy Williams 0 0 0 -1 0 4 1 0 0 1 4/7 25:34 3:25 0:59
Josh Beaulieu 0 0 0 0 0 0 0 0 0 0 0/0 0:53 0:00 0:34
Kyle Wharton 0 0 0 0 0 0 0 0 0 0 0/0 6:46 0:00 0:00
Marc-André Bernier 0 0 0 0 0 2 0 0 0 1 0/0 11:06 0:00 0:00
Marco Sturm 0 0 0 -1 0 8 1 0 0 0 1/1 21:29 3:25 0:26
Masi Marjamaki 0 0 0 0 0 0 1 0 0 0 0/0 7:39 0:00 0:00
Nicolas Blanchard 0 0 0 0 2 0 1 0 0 0 4/10 16:10 2:32 0:00
Petr Vrana 0 1 1 1 0 2 0 0 0 0 0/0 12:57 0:00 0:34
Robert Bortuzzo 0 0 0 0 0 0 0 0 0 0 0/0 0:00 0:00 0:00
Robert Klinkhammer 0 0 0 0 0 0 0 0 0 0 0/0 0:00 0:00 0:00
Ryan Craig 0 0 0 -1 0 7 1 2 0 0 21/31 22:00 3:25 0:26
Taylor Chorney 0 0 0 0 0 1 0 0 0 0 0/0 11:10 0:00 0:00
Troy Brouwer 1 0 1 0 0 2 1 0 0 0 0/0 14:55 2:32 0:00
Vince Rocco 0 0 0 0 0 0 0 0 0 0 2/5 7:39 0:00 0:00
Vladimir Mihalik 0 0 0 0 0 0 0 0 0 1 0/0 11:10 0:00 0:00
Players Stats for High Goats
Player Name G A P +/- PIM S H SB GA TA FO MP PP MP PK MP
------------------------------------------------------------------------------------
Anton Stralman 0 0 0 0 0 3 2 2 3 0 0/0 22:23 0:48 2:25
Brad Larsen 0 0 0 -1 0 1 0 0 0 0 0/1 17:35 0:59 3:45
Brandon Bollig 0 0 0 0 0 0 5 0 0 0 1/4 12:09 0:00 1:54
Brendon Segal 0 0 0 0 2 1 3 0 0 0 0/0 10:32 0:09 0:00
Chris Stewart 1 0 1 1 0 2 1 1 0 0 2/4 21:38 0:59 0:52
Craig Weller 1 0 1 0 0 3 1 0 1 0 0/0 12:23 0:09 0:52
Gilbert Brule 0 1 1 1 2 0 2 2 0 0 13/30 22:49 0:59 2:16
Gord Baldwin 0 0 0 1 0 1 2 1 0 1 0/0 18:54 0:00 2:25
Jiri Tlusty 0 1 1 0 0 2 2 0 0 0 1/1 11:03 0:00 0:00
Joël Perrault 0 1 1 0 0 5 2 0 0 0 2/7 12:51 0:51 0:55
Lukas Krajicek 0 1 1 -1 0 3 3 3 0 0 0/0 29:45 1:11 3:32
Mason Raymond 0 0 0 1 0 4 2 2 0 0 0/0 22:12 0:51 1:20
Matt Taormina 0 0 0 1 0 1 0 1 0 0 0/0 12:52 0:00 0:00
Nick Bonino 0 0 0 -1 2 0 0 0 0 0 4/8 14:32 0:09 0:00
Pavel Brendl 0 0 0 -1 2 2 0 0 1 0 1/2 16:31 0:51 0:00
Petteri Wirtanen 0 0 0 0 0 0 1 0 0 0 3/4 7:45 0:00 0:00
Sami Lepisto 0 0 0 -1 0 3 2 3 0 2 0/0 29:45 1:11 3:32
Thomas Hickey 0 0 0 0 0 0 1 0 0 0 0/0 16:21 0:48 0:00
3 Stars
1 - Chris Stewart (Buc)
2 - Jonathan Bernier (Buc)
3 - Troy Brouwer (Vic)
Power Play
Demolitions - 0 on 3 Attempt(s) - 0,00%
High Goats - 0 on 1 Attempt(s) - 0,00%
Penalty Kill
Demolitions - 1 on 1 Attempt(s) - 100,00%
- Score 0 goal in Penalty Kill
High Goats - 3 on 3 Attempt(s) - 100,00%
- Score 0 goal in Penalty Kill
Official
Referees : Rehman Kyle and Charron Francis
Linesman : Greg Devorski and Pierre Racicot
Game Notes
9:53 of 3rd period - Demolitions goal is going for a video replay. After video review, No Goal. The goalkeeper has been pushed into the net together with the puck after making a save.
Vladimir Mihalik is injured at 4:53 of 1st overtime period (Bruised Right Shoulder)
Demolitions
5 vs 5 Forward
Center Left Wing Right Wing Time % Phy DF OF
1 Ryan Craig Marco Sturm Jeremy Williams 40 1 2 2
2 Nicolas Blanchard Troy Brouwer Anthony Stewart 30 1 2 2
3 James Sheppard Petr Vrana Brandon Bochenski 20 1 2 2
4 Vince Rocco Masi Marjamaki Marc-André Bernier 10 1 2 2
5 vs 5 Defense
Defense Defense Time % Phy DF OF
1 Janne Niskala Dennis Seidenberg 40 1 2 2
2 Andy Rogers Anton Babchuk 30 1 2 2
3 Taylor Chorney Vladimir Mihalik 20 1 2 2
4 Anssi Salmela Kyle Wharton 10 1 2 2
PowerPlay Forward
Center Left Wing Right Wing Time % Phy DF OF
1 Ryan Craig Marco Sturm Jeremy Williams 60 1 2 2
2 Nicolas Blanchard Troy Brouwer Anthony Stewart 40 1 2 2
PowerPlay Defense
Defense Defense Time % Phy DF OF
1 Janne Niskala Dennis Seidenberg 60 1 2 2
2 Andy Rogers Anton Babchuk 40 1 2 2
Penalty Kill 4 Players Forward
Center Wing Time % Phy DF OF
1 Jeremy Williams Anthony Stewart 60 1 2 2
2 Marco Sturm Ryan Craig 40 1 2 2
Penalty Kill 4 Players Defense
Defense Defense Time % Phy DF OF
1 Janne Niskala Dennis Seidenberg 60 1 2 2
2 Andy Rogers Anton Babchuk 40 1 2 2
Penalty Kill - 3 Players Forward
Forward Time % Phy DF OF
1 Jeremy Williams 60 1 2 2
2 Anthony Stewart 40 1 2 2
Penalty Kill - 3 Players Defense
Defense Defense Time % Phy DF OF
1 Janne Niskala Dennis Seidenberg 60 1 2 2
2 Andy Rogers Anton Babchuk 40 1 2 2
4 vs 4 Forward
Center Wing Time % Phy DF OF
1 Jeremy Williams Anthony Stewart 60 1 2 2
2 Marco Sturm Ryan Craig 40 1 2 2
4 vs 4 Defense
Defense Defense Time % Phy DF OF
1 Janne Niskala Dennis Seidenberg 60 1 2 2
2 Andy Rogers Anton Babchuk 40 1 2 2
Last Minutes Offensive
Center Left Wing Right Wing Defense Defense
Ryan Craig Marco Sturm Jeremy Williams Janne Niskala Dennis Seidenberg
Last Minutes Defensive
Center Left Wing Right Wing Defense Defense
Ryan Craig Marco Sturm Jeremy Williams Janne Niskala Dennis Seidenberg
Goaltenders
Starting : Sergei Bobrovsky
Backup : Antero Niittymaki
Extra Forwards
Normal : Brandon Bochenski, Marc-André Bernier, Petr Vrana - PP : Brandon Bochenski, Marc-André Bernier - PK : Petr Vrana
Extra Defensemen
Normal : Taylor Chorney, Vladimir Mihalik, Anssi Salmela - PP : Taylor Chorney - PK : Vladimir Mihalik, Anssi Salmela
Penalty Shots
Jeremy Williams, Anthony Stewart, Marco Sturm, Ryan Craig, Brandon Bochenski
High Goats
5 vs 5 Forward
Center Left Wing Right Wing Time % Phy DF OF
1 Gilbert Brule Mason Raymond Chris Stewart 40 1 2 2
2 Nick Bonino Brad Larsen Pavel Brendl 30 1 2 2
3 Joël Perrault Jiri Tlusty Craig Weller 20 1 2 2
4 Petteri Wirtanen Brandon Bollig Brendon Segal 10 1 2 2
5 vs 5 Defense
Defense Defense Time % Phy DF OF
1 Lukas Krajicek Sami Lepisto 40 1 2 2
2 Anton Stralman Thomas Hickey 30 1 2 2
3 Matt Taormina Gord Baldwin 20 1 2 2
4 Lukas Krajicek Sami Lepisto 10 1 2 2
PowerPlay Forward
Center Left Wing Right Wing Time % Phy DF OF
1 Gilbert Brule Brad Larsen Chris Stewart 60 1 2 2
2 Joël Perrault Mason Raymond Pavel Brendl 40 1 2 2
PowerPlay Defense
Defense Defense Time % Phy DF OF
1 Lukas Krajicek Sami Lepisto 60 1 2 2
2 Anton Stralman Thomas Hickey 40 1 2 2
Penalty Kill 4 Players Forward
Center Wing Time % Phy DF OF
1 Gilbert Brule Brad Larsen 60 1 2 2
2 Craig Weller Chris Stewart 40 1 2 2
Penalty Kill 4 Players Defense
Defense Defense Time % Phy DF OF
1 Lukas Krajicek Sami Lepisto 60 1 2 2
2 Anton Stralman Gord Baldwin 40 1 2 2
Penalty Kill - 3 Players Forward
Forward Time % Phy DF OF
1 Gilbert Brule 60 1 2 2
2 Chris Stewart 40 1 2 2
Penalty Kill - 3 Players Defense
Defense Defense Time % Phy DF OF
1 Lukas Krajicek Sami Lepisto 60 1 2 2
2 Anton Stralman Gord Baldwin 40 1 2 2
4 vs 4 Forward
Center Wing Time % Phy DF OF
1 Gilbert Brule Chris Stewart 60 1 2 2
2 Pavel Brendl Mason Raymond 40 1 2 2
4 vs 4 Defense
Defense Defense Time % Phy DF OF
1 Lukas Krajicek Sami Lepisto 60 1 2 2
2 Anton Stralman Gord Baldwin 40 1 2 2
Last Minutes Offensive
Center Left Wing Right Wing Defense Defense
Gilbert Brule Mason Raymond Chris Stewart Lukas Krajicek Sami Lepisto
Last Minutes Defensive
Center Left Wing Right Wing Defense Defense
Gilbert Brule Mason Raymond Chris Stewart Lukas Krajicek Sami Lepisto
Goaltenders
Starting : Jonathan Bernier
Backup : Al Montoya
Extra Forwards
Normal : Brendon Segal, Nick Bonino, Brandon Bollig - PP : Brendon Segal, Nick Bonino - PK : Brandon Bollig
Extra Defensemen
Normal : Matt Taormina, Thomas Hickey, Anton Stralman - PP : Matt Taormina - PK : Thomas Hickey, Anton Stralman
Penalty Shots
Gilbert Brule, Brad Larsen, Craig Weller, Chris Stewart, Joël Perrault
% Time on Ice - Demolitions
Lines # - Real PCT - Wanted PCT - Time Play
Normal Forward
1 - 36% - 40% - 18:14
2 - 25% - 30% - 12:29
3 - 23% - 20% - 11:43
4 - 15% - 10% - 7:39
Normal Defense
1 - 36% - 40% - 18:02
2 - 29% - 30% - 14:21
3 - 22% - 20% - 10:56
4 - 14% - 10% - 6:46
PP Forward
1 - 57% - 60% - 3:25
2 - 43% - 40% - 2:32
PP Defense
1 - 65% - 60% - 3:51
2 - 35% - 40% - 2:06
PK Forward
1 - 78% - 60% - 1:33
2 - 22% - 40% - 0:26
PK Defense
1 - 53% - 60% - 1:03
2 - 47% - 40% - 0:56
PK3 Forward
1 - 0% - 60%
2 - 0% - 40%
PK3 Defense
1 - 0% - 60%
2 - 0% - 40%
44 Forward
1 - 73% - 60% - 5:04
2 - 27% - 40% - 1:55
44 Defense
1 - 60% - 60% - 4:13
2 - 40% - 40% - 2:46
Last Minute Offensive - 0:00
Last Minute Defensive - 0:00
Total
Forward - 65:00
Defense - 65:00
|
% Time on Ice - High Goats
Lines # - Real PCT - Wanted PCT - Time Play
Normal Forward
1 - 33% - 40% - 16:34
2 - 29% - 30% - 14:43
3 - 22% - 20% - 11:03
4 - 15% - 10% - 7:45
Normal Defense
1 - 37% - 40% - 18:42
2 - 33% - 30% - 16:33
3 - 25% - 20% - 12:23
4 - 5% - 10% - 2:27
PP Forward
1 - 57% - 60% - 1:08
2 - 43% - 40% - 0:51
PP Defense
1 - 60% - 60% - 1:11
2 - 40% - 40% - 0:48
PK Forward
1 - 85% - 60% - 5:05
2 - 15% - 40% - 0:52
PK Defense
1 - 59% - 60% - 3:32
2 - 41% - 40% - 2:25
PK3 Forward
1 - 0% - 60%
2 - 0% - 40%
PK3 Defense
1 - 0% - 60%
2 - 0% - 40%
44 Forward
1 - 71% - 60% - 4:57
2 - 29% - 40% - 2:02
44 Defense
1 - 56% - 60% - 3:53
2 - 44% - 40% - 3:06
Last Minute Offensive - 0:00
Last Minute Defensive - 0:00
Total
Forward - 65:00
Defense - 65:00
|
Play by Play
1st period
0:01 of 1st period - Gilbert Brule wins face-off versus Ryan Craig in neutral zone.
0:08 of 1st period - Snap shot by Mason Raymond.
0:08 of 1st period - Deflect By Janne Niskala.
0:08 of 1st period - Stopped by Sergei Bobrovsky without a rebound.
0:09 of 1st period - Chris Stewart wins face-off versus Ryan Craig in Demolitions zone.
0:57 of 1st period - Wrist shot by Gilbert Brule.
0:57 of 1st period - Shot Blocked by Ryan Craig.
1:05 of 1st period - Wrist shot by Gilbert Brule.
1:05 of 1st period - Deflect By Chris Stewart.
1:05 of 1st period - Shot Blocked by Janne Niskala.
1:05 of 1st period - Puck is out of play.
1:06 of 1st period - Nicolas Blanchard wins face-off versus Nick Bonino in Demolitions zone.
1:31 of 1st period - Anton Babchuk is hit by Jiri Tlusty and loses puck.
1:36 of 1st period - Snap shot by Joël Perrault.
1:36 of 1st period - Stopped by Sergei Bobrovsky with a rebound.
1:42 of 1st period - James Sheppard is hit by Gord Baldwin and loses puck.
1:54 of 1st period - Off-side.
1:55 of 1st period - Petteri Wirtanen wins face-off versus Vince Rocco in neutral zone.
3:07 of 1st period - Kyle Wharton is hit by Anton Stralman and loses puck.
4:03 of 1st period - Sami Lepisto is hit by Dennis Seidenberg and loses puck.
4:26 of 1st period - Wrist shot by Jeremy Williams.
4:26 of 1st period - Shot Blocked by Sami Lepisto.
5:11 of 1st period - Snap shot by Brad Larsen.
5:11 of 1st period - Shot Misses the Net.
5:17 of 1st period - Snap shot by Nick Bonino.
5:17 of 1st period - Shot Misses the Net.
5:57 of 1st period - Snap shot by Marco Sturm.
5:57 of 1st period - Shot Misses the Net.
5:59 of 1st period - Snap shot by Jeremy Williams.
5:59 of 1st period - Stopped by Jonathan Bernier with a rebound.
6:01 of 1st period - Slapshot by Janne Niskala.
6:01 of 1st period - Shot Blocked by Matt Taormina.
6:15 of 1st period - Snap shot by Craig Weller.
6:15 of 1st period - Shot Misses the Net.
6:17 of 1st period - Wrist shot by Pavel Brendl.
6:17 of 1st period - Stopped by Sergei Bobrovsky with a rebound.
6:45 of 1st period - Icing by Taylor Chorney.
6:46 of 1st period - Vince Rocco wins face-off versus Gilbert Brule in Demolitions zone.
6:46 of 1st period - Vince Rocco is hit by Gilbert Brule.
6:51 of 1st period - Off-side.
6:52 of 1st period - Gilbert Brule wins face-off versus Ryan Craig in neutral zone.
6:55 of 1st period - Snap shot by Lukas Krajicek.
6:55 of 1st period - Stopped by Sergei Bobrovsky without a rebound.
6:56 of 1st period - Ryan Craig wins face-off versus Gilbert Brule in Demolitions zone.
7:05 of 1st period - Snap shot by Chris Stewart.
7:05 of 1st period - Shot Blocked by Andy Rogers.
7:11 of 1st period - Slapshot by Chris Stewart.
7:11 of 1st period - Shot Misses the Net.
7:13 of 1st period - Wrist shot by Chris Stewart.
7:13 of 1st period - Goal by Chris Stewart - Demolitions : 0 - High Goats : 1.
7:14 of 1st period - Ryan Craig wins face-off versus Brad Larsen in neutral zone.
7:17 of 1st period - Slapshot by Marco Sturm.
7:17 of 1st period - Stopped by Jonathan Bernier without a rebound.
7:18 of 1st period - Ryan Craig wins face-off versus Nick Bonino in High Goats zone.
7:45 of 1st period - Snap shot by Marco Sturm.
7:45 of 1st period - Stopped by Jonathan Bernier with a rebound.
8:11 of 1st period - Snap shot by Joël Perrault.
8:11 of 1st period - Stopped by Sergei Bobrovsky with a rebound.
8:13 of 1st period - Snap shot by Jiri Tlusty.
8:13 of 1st period - Stopped by Sergei Bobrovsky with a rebound.
8:54 of 1st period - Brad Larsen is hit by Marco Sturm and loses puck.
9:10 of 1st period - Wrist shot by Mason Raymond.
9:10 of 1st period - Shot Misses the Net.
9:16 of 1st period - Snap shot by Marco Sturm.
9:16 of 1st period - Shot Misses the Net.
9:18 of 1st period - Slapshot by Anssi Salmela.
9:18 of 1st period - Shot Blocked by Anton Stralman.
9:28 of 1st period - Slapshot by Jeremy Williams.
9:28 of 1st period - Shot Misses the Net.
9:30 of 1st period - Snap shot by Ryan Craig.
9:30 of 1st period - Shot Misses the Net.
9:34 of 1st period - Snap shot by Marco Sturm.
9:34 of 1st period - Shot Misses the Net.
9:36 of 1st period - Wrist shot by Ryan Craig.
9:36 of 1st period - Shot Blocked by Chris Stewart.
9:42 of 1st period - Slapshot by Marco Sturm.
9:42 of 1st period - Stopped by Jonathan Bernier with a rebound.
9:44 of 1st period - Snap shot by Marco Sturm.
9:44 of 1st period - Shot Blocked by Gilbert Brule.
9:46 of 1st period - Wrist shot by Ryan Craig.
9:46 of 1st period - Stopped by Jonathan Bernier without a rebound.
9:47 of 1st period - Nick Bonino wins face-off versus Nicolas Blanchard in High Goats zone.
9:54 of 1st period - Slapshot by Lukas Krajicek.
9:54 of 1st period - Deflect By Anthony Stewart.
9:54 of 1st period - Stopped by Sergei Bobrovsky with a rebound.
10:32 of 1st period - Snap shot by Brad Larsen.
10:32 of 1st period - Shot Blocked by Brandon Bochenski.
10:34 of 1st period - Backhand shot by Gord Baldwin.
10:34 of 1st period - Stopped by Sergei Bobrovsky with a rebound.
10:36 of 1st period - Snap shot by Pavel Brendl.
10:36 of 1st period - Stopped by Sergei Bobrovsky with a rebound.
10:38 of 1st period - Wrist shot by Lukas Krajicek.
10:38 of 1st period - Shot Blocked by Brandon Bochenski.
10:40 of 1st period - Snap shot by Pavel Brendl.
10:40 of 1st period - Shot Misses the Net.
10:42 of 1st period - Slapshot by Sami Lepisto.
10:42 of 1st period - Shot Blocked by Anton Babchuk.
10:56 of 1st period - Snap shot by Craig Weller.
10:56 of 1st period - Stopped by Sergei Bobrovsky without a rebound.
10:57 of 1st period - Nicolas Blanchard wins face-off versus Joël Perrault in Demolitions zone.
11:13 of 1st period - Slapshot by Sami Lepisto.
11:13 of 1st period - Stopped by Sergei Bobrovsky with a rebound.
11:25 of 1st period - Wrist shot by Brandon Bochenski.
11:25 of 1st period - Stopped by Jonathan Bernier with a rebound.
11:27 of 1st period - Snap shot by Brandon Bochenski.
11:27 of 1st period - Shot Misses the Net.
11:51 of 1st period - Wrist shot by Marco Sturm.
11:51 of 1st period - Deflect By Thomas Hickey.
11:51 of 1st period - Stopped by Jonathan Bernier with a rebound.
11:53 of 1st period - Snap shot by Jeremy Williams.
11:53 of 1st period - Shot Misses the Net.
12:32 of 1st period - Minor Penalty to Nick Bonino for Hooking.
12:33 of 1st period - Ryan Craig wins face-off versus Gilbert Brule in High Goats zone.
12:36 of 1st period - Backhand shot by Jeremy Williams.
12:36 of 1st period - Deflect By Marco Sturm.
12:36 of 1st period - Shot Blocked by Sami Lepisto.
12:36 of 1st period - Puck is out of play.
12:37 of 1st period - Ryan Craig wins face-off versus Gilbert Brule in High Goats zone.
12:40 of 1st period - Snap shot by Ryan Craig.
12:40 of 1st period - Stopped by Jonathan Bernier with a rebound.
12:42 of 1st period - Wrist shot by Dennis Seidenberg.
12:42 of 1st period - Shot Blocked by Lukas Krajicek.
12:44 of 1st period - Slapshot by Janne Niskala.
12:44 of 1st period - Stopped by Jonathan Bernier without a rebound.
12:45 of 1st period - Gilbert Brule wins face-off versus Ryan Craig in High Goats zone.
13:10 of 1st period - Gilbert Brule is hit by Anthony Stewart and loses puck.
13:19 of 1st period - Snap shot by Troy Brouwer.
13:19 of 1st period - Shot Misses the Net.
13:51 of 1st period - Snap shot by Anton Stralman.
13:51 of 1st period - Stopped by Sergei Bobrovsky with a rebound.
14:09 of 1st period - Slapshot by Chris Stewart.
14:09 of 1st period - Shot Misses the Net.
14:32 of 1st period - Penalty to Nick Bonino is over, Nick Bonino is back on ice.
14:49 of 1st period - Snap shot by Petr Vrana.
14:49 of 1st period - Stopped by Jonathan Bernier with a rebound.
14:51 of 1st period - Snap shot by Petr Vrana.
14:51 of 1st period - Stopped by Jonathan Bernier without a rebound.
14:52 of 1st period - James Sheppard wins face-off versus Petteri Wirtanen in High Goats zone.
15:01 of 1st period - Snap shot by Brandon Bochenski.
15:01 of 1st period - Stopped by Jonathan Bernier with a rebound.
15:10 of 1st period - Icing by Gord Baldwin.
15:11 of 1st period - Petteri Wirtanen wins face-off versus Nicolas Blanchard in High Goats zone.
15:44 of 1st period - Wrist shot by Chris Stewart.
15:44 of 1st period - Stopped by Sergei Bobrovsky with a rebound.
15:46 of 1st period - Slapshot by Gord Baldwin.
15:46 of 1st period - Shot Misses the Net.
16:08 of 1st period - Slapshot by Janne Niskala.
16:08 of 1st period - Stopped by Jonathan Bernier without a rebound.
16:09 of 1st period - Nicolas Blanchard wins face-off versus Gilbert Brule in High Goats zone.
16:18 of 1st period - Slapshot by Anthony Stewart.
16:18 of 1st period - Stopped by Jonathan Bernier with a rebound.
16:20 of 1st period - Snap shot by Anthony Stewart.
16:20 of 1st period - Shot Blocked by Mason Raymond.
16:34 of 1st period - Marco Sturm is hit by Joël Perrault and loses puck.
16:59 of 1st period - Backhand shot by Brandon Bochenski.
16:59 of 1st period - Shot Misses the Net.
17:19 of 1st period - Snap shot by James Sheppard.
17:19 of 1st period - Shot Misses the Net.
17:21 of 1st period - Slapshot by Andy Rogers.
17:21 of 1st period - Stopped by Jonathan Bernier without a rebound.
17:22 of 1st period - Gilbert Brule wins face-off versus Vince Rocco in High Goats zone.
17:33 of 1st period - Snap shot by Mason Raymond.
17:33 of 1st period - Deflect By Chris Stewart.
17:33 of 1st period - Shot Misses the Net.
17:33 of 1st period - Puck is out of play.
17:34 of 1st period - Ryan Craig wins face-off versus Chris Stewart in Demolitions zone.
17:49 of 1st period - Slapshot by Mason Raymond.
17:49 of 1st period - Shot Misses the Net.
17:59 of 1st period - Sami Lepisto is hit by Troy Brouwer.
18:54 of 1st period - Wrist shot by Marc-André Bernier.
18:54 of 1st period - Deflect By Anton Stralman.
18:54 of 1st period - Shot Blocked by Anton Stralman.
18:54 of 1st period - Puck is out of play.
18:55 of 1st period - Ryan Craig wins face-off versus Nick Bonino in High Goats zone.
18:58 of 1st period - Wrist shot by Marco Sturm.
18:58 of 1st period - Stopped by Jonathan Bernier without a rebound.
18:59 of 1st period - Nick Bonino wins face-off versus Ryan Craig in High Goats zone.
19:06 of 1st period - Snap shot by Brad Larsen.
19:06 of 1st period - Stopped by Sergei Bobrovsky without a rebound.
19:07 of 1st period - Ryan Craig wins face-off versus Gilbert Brule in Demolitions zone.
19:07 of 1st period - Ryan Craig is hit by Lukas Krajicek.
19:17 of 1st period - Snap shot by Ryan Craig.
19:17 of 1st period - Deflect By Chris Stewart.
19:17 of 1st period - Stopped by Jonathan Bernier with a rebound.
19:23 of 1st period - Slapshot by Lukas Krajicek.
19:23 of 1st period - Stopped by Sergei Bobrovsky with a rebound.
19:33 of 1st period - Brad Larsen is hit by Anthony Stewart and loses puck.
19:44 of 1st period - Wrist shot by Troy Brouwer.
19:44 of 1st period - Goal by Troy Brouwer - Demolitions : 1 - High Goats : 1.
19:45 of 1st period - Ryan Craig wins face-off versus Gilbert Brule in neutral zone.
19:53 of 1st period - Andy Rogers is hit by Mason Raymond and loses puck.
19:58 of 1st period - Slapshot by Gilbert Brule.
19:58 of 1st period - Shot Misses the Net.
2nd period
0:01 of 2nd period - Ryan Craig wins face-off versus Gilbert Brule in neutral zone.
0:25 of 2nd period - Sami Lepisto is hit by Nicolas Blanchard and loses puck.
0:52 of 2nd period - James Sheppard is hit by Thomas Hickey and loses puck.
1:03 of 2nd period - Snap shot by Joël Perrault.
1:03 of 2nd period - Stopped by Sergei Bobrovsky with a rebound.
1:14 of 2nd period - Icing by Jeremy Williams.
1:15 of 2nd period - Ryan Craig wins face-off versus Gilbert Brule in Demolitions zone.
1:42 of 2nd period - Troy Brouwer is hit by Sami Lepisto and loses puck.
2:54 of 2nd period - Wrist shot by Jeremy Williams.
2:54 of 2nd period - Shot Misses the Net.
2:56 of 2nd period - Wrist shot by Marco Sturm.
2:56 of 2nd period - Deflect By Ryan Craig.
2:56 of 2nd period - Shot Misses the Net.
2:56 of 2nd period - Puck is out of play.
2:57 of 2nd period - Nicolas Blanchard wins face-off versus Nick Bonino in High Goats zone.
3:24 of 2nd period - Janne Niskala is hit by Joël Perrault and loses puck.
3:31 of 2nd period - Wrist shot by Joël Perrault.
3:31 of 2nd period - Stopped by Sergei Bobrovsky without a rebound.
3:32 of 2nd period - Gilbert Brule wins face-off versus Ryan Craig in Demolitions zone.
5:27 of 2nd period - Snap shot by Pavel Brendl.
5:27 of 2nd period - Shot Misses the Net.
5:29 of 2nd period - Slapshot by Sami Lepisto.
5:29 of 2nd period - Deflect By Nick Bonino.
5:29 of 2nd period - Shot Misses the Net.
5:29 of 2nd period - Puck is out of play.
5:30 of 2nd period - Gilbert Brule wins face-off versus James Sheppard in Demolitions zone.
6:18 of 2nd period - Snap shot by Craig Weller.
6:18 of 2nd period - Stopped by Sergei Bobrovsky with a rebound.
6:20 of 2nd period - Slapshot by Matt Taormina.
6:20 of 2nd period - Stopped by Sergei Bobrovsky without a rebound.
6:21 of 2nd period - Jiri Tlusty wins face-off versus Nicolas Blanchard in Demolitions zone.
6:24 of 2nd period - Slapshot by Craig Weller.
6:24 of 2nd period - Goal by Craig Weller - Demolitions : 1 - High Goats : 2.
6:25 of 2nd period - Ryan Craig wins face-off versus Gilbert Brule in neutral zone.
6:59 of 2nd period - Snap shot by Troy Brouwer.
6:59 of 2nd period - Stopped by Jonathan Bernier without a rebound.
7:00 of 2nd period - Ryan Craig wins face-off versus Gilbert Brule in High Goats zone.
7:07 of 2nd period - Slapshot by Marco Sturm.
7:07 of 2nd period - Stopped by Jonathan Bernier without a rebound.
7:08 of 2nd period - Gilbert Brule wins face-off versus Ryan Craig in High Goats zone.
7:57 of 2nd period - Marco Sturm is hit by Anton Stralman and loses puck.
8:24 of 2nd period - Slapshot by Jeremy Williams.
8:24 of 2nd period - Stopped by Jonathan Bernier with a rebound.
8:26 of 2nd period - Slapshot by Marco Sturm.
8:26 of 2nd period - Deflect By Jeremy Williams.
8:26 of 2nd period - Stopped by Jonathan Bernier without a rebound.
8:27 of 2nd period - Nick Bonino wins face-off versus Nicolas Blanchard in High Goats zone.
11:07 of 2nd period - Jeremy Williams is hit by Lukas Krajicek and loses puck.
11:49 of 2nd period - Taylor Chorney is hit by Brendon Segal.
12:53 of 2nd period - Sami Lepisto is hit by Ryan Craig and loses puck.
13:29 of 2nd period - Taylor Chorney is hit by Petteri Wirtanen.
13:41 of 2nd period - Slapshot by Joël Perrault.
13:41 of 2nd period - Deflect By Jiri Tlusty.
13:41 of 2nd period - Stopped by Sergei Bobrovsky without a rebound.
13:42 of 2nd period - Joël Perrault wins face-off versus James Sheppard in Demolitions zone.
14:22 of 2nd period - Snap shot by Joël Perrault.
14:22 of 2nd period - Stopped by Sergei Bobrovsky without a rebound.
14:23 of 2nd period - Gilbert Brule wins face-off versus Ryan Craig in Demolitions zone.
14:28 of 2nd period - Snap shot by Mason Raymond.
14:28 of 2nd period - Stopped by Sergei Bobrovsky with a rebound.
14:30 of 2nd period - Snap shot by Mason Raymond.
14:30 of 2nd period - Stopped by Sergei Bobrovsky with a rebound.
14:38 of 2nd period - Snap shot by Gilbert Brule.
14:38 of 2nd period - Shot Blocked by Anton Babchuk.
14:43 of 2nd period - Minor Penalty to Pavel Brendl for Hooking.
14:43 of 2nd period - Minor Penalty to Nicolas Blanchard for Tripping.
14:44 of 2nd period - Gilbert Brule wins face-off versus Jeremy Williams in Demolitions zone.
14:56 of 2nd period - Icing by Dennis Seidenberg.
14:57 of 2nd period - Jeremy Williams wins face-off versus Gilbert Brule in Demolitions zone.
15:03 of 2nd period - Icing by Jeremy Williams.
15:04 of 2nd period - Jeremy Williams wins face-off versus Gilbert Brule in Demolitions zone.
15:46 of 2nd period - Wrist shot by Brendon Segal.
15:46 of 2nd period - Shot Blocked by Ryan Craig.
16:18 of 2nd period - Slapshot by Anton Babchuk.
16:18 of 2nd period - Stopped by Jonathan Bernier with a rebound.
16:42 of 2nd period - Anton Babchuk is hit by Brandon Bollig and loses puck.
16:43 of 2nd period - Penalty to Pavel Brendl is over, Pavel Brendl is back on ice.
16:43 of 2nd period - Penalty to Nicolas Blanchard is over, Nicolas Blanchard is back on ice.
18:04 of 2nd period - Jeremy Williams is hit by Lukas Krajicek and loses puck.
18:34 of 2nd period - Off-side.
18:35 of 2nd period - James Sheppard wins face-off versus Joël Perrault in neutral zone.
19:24 of 2nd period - Wrist shot by Ryan Craig.
19:24 of 2nd period - Deflect By Lukas Krajicek.
19:24 of 2nd period - Stopped by Jonathan Bernier without a rebound.
19:25 of 2nd period - Joël Perrault wins face-off versus James Sheppard in High Goats zone.
19:25 of 2nd period - Joël Perrault is hit by Brandon Bochenski.
3rd period
0:01 of 3rd period - Chris Stewart wins face-off versus Nicolas Blanchard in neutral zone.
0:27 of 3rd period - Icing by Chris Stewart.
0:28 of 3rd period - Ryan Craig wins face-off versus Gilbert Brule in High Goats zone.
0:31 of 3rd period - Wrist shot by Marco Sturm.
0:31 of 3rd period - Shot Blocked by Mason Raymond.
3:33 of 3rd period - Andy Rogers is hit by Brandon Bollig and loses puck.
3:37 of 3rd period - Minor Penalty to Brendon Segal for Roughing.
3:38 of 3rd period - Gilbert Brule wins face-off versus Ryan Craig in High Goats zone.
3:38 of 3rd period - Gilbert Brule is hit by Dennis Seidenberg.
3:50 of 3rd period - Slapshot by Janne Niskala.
3:50 of 3rd period - Shot Blocked by Sami Lepisto.
3:54 of 3rd period - Slapshot by Jeremy Williams.
3:54 of 3rd period - Shot Misses the Net.
5:12 of 3rd period - Snap shot by Mason Raymond.
5:12 of 3rd period - Stopped by Sergei Bobrovsky with a rebound.
5:14 of 3rd period - Slapshot by Lukas Krajicek.
5:14 of 3rd period - Shot Blocked by Anton Babchuk.
5:16 of 3rd period - Slapshot by Sami Lepisto.
5:16 of 3rd period - Stopped by Sergei Bobrovsky without a rebound.
5:17 of 3rd period - Brandon Bollig wins face-off versus Nicolas Blanchard in Demolitions zone.
5:37 of 3rd period - Penalty to Brendon Segal is over, Brendon Segal is back on ice.
5:53 of 3rd period - Slapshot by Joël Perrault.
5:53 of 3rd period - Shot Blocked by Anton Babchuk.
6:08 of 3rd period - Icing by Marc-André Bernier.
6:09 of 3rd period - Petteri Wirtanen wins face-off versus Vince Rocco in Demolitions zone.
6:12 of 3rd period - Slapshot by Anton Stralman.
6:12 of 3rd period - Stopped by Sergei Bobrovsky without a rebound.
6:13 of 3rd period - Ryan Craig wins face-off versus Chris Stewart in Demolitions zone.
6:13 of 3rd period - Ryan Craig is hit by Gilbert Brule.
6:19 of 3rd period - Anton Stralman is hit by Dennis Seidenberg and loses puck.
7:03 of 3rd period - Snap shot by Brandon Bochenski.
7:03 of 3rd period - Deflect By Craig Weller.
7:03 of 3rd period - Goal by Brandon Bochenski - Demolitions : 2 - High Goats : 2.
7:04 of 3rd period - Gilbert Brule wins face-off versus Ryan Craig in neutral zone.
8:00 of 3rd period - Snap shot by Brandon Bochenski.
8:00 of 3rd period - Stopped by Jonathan Bernier with a rebound.
8:08 of 3rd period - Taylor Chorney is hit by Jiri Tlusty and loses puck.
8:19 of 3rd period - Gord Baldwin is hit by Jeremy Williams.
8:37 of 3rd period - Anthony Stewart is hit by Brandon Bollig and loses puck.
8:50 of 3rd period - Snap shot by Gord Baldwin.
8:50 of 3rd period - Shot Misses the Net.
9:15 of 3rd period - Minor Penalty to Gilbert Brule for Holding.
9:16 of 3rd period - Ryan Craig wins face-off versus Brandon Bollig in High Goats zone.
9:21 of 3rd period - Snap shot by Marco Sturm.
9:21 of 3rd period - Stopped by Jonathan Bernier without a rebound.
9:22 of 3rd period - Ryan Craig wins face-off versus Brandon Bollig in High Goats zone.
9:51 of 3rd period - Slapshot by Janne Niskala.
9:51 of 3rd period - Shot Blocked by Lukas Krajicek.
9:53 of 3rd period - Slapshot by Janne Niskala.
9:53 of 3rd period - Demolitions goal is going for a video replay.
9:53 of 3rd period - The goal is refused. The goalkeeper has been pushed into the net together with the puck after making a save..
9:54 of 3rd period - Ryan Craig wins face-off versus Joël Perrault in High Goats zone.
9:59 of 3rd period - Slapshot by Jeremy Williams.
9:59 of 3rd period - Stopped by Jonathan Bernier without a rebound.
10:00 of 3rd period - Ryan Craig wins face-off versus Brandon Bollig in High Goats zone.
10:05 of 3rd period - Wrist shot by Ryan Craig.
10:05 of 3rd period - Stopped by Jonathan Bernier with a rebound.
10:07 of 3rd period - Slapshot by Anton Babchuk.
10:07 of 3rd period - Shot Blocked by Gord Baldwin.
10:30 of 3rd period - Off-side.
10:31 of 3rd period - Ryan Craig wins face-off versus Joël Perrault in neutral zone.
10:36 of 3rd period - Snap shot by Marco Sturm.
10:36 of 3rd period - Stopped by Jonathan Bernier with a rebound.
11:15 of 3rd period - Penalty to Gilbert Brule is over, Gilbert Brule is back on ice.
11:25 of 3rd period - Minor Penalty to Brandon Bochenski for Tripping.
11:26 of 3rd period - Jeremy Williams wins face-off versus Gilbert Brule in Demolitions zone.
12:47 of 3rd period - Slapshot by Anton Babchuk.
12:47 of 3rd period - Shot Blocked by Lukas Krajicek.
13:25 of 3rd period - Penalty to Brandon Bochenski is over, Brandon Bochenski is back on ice.
13:25 of 3rd period - Petr Vrana is hit by Brendon Segal and loses puck.
13:49 of 3rd period - Slapshot by Marc-André Bernier.
13:49 of 3rd period - Stopped by Jonathan Bernier without a rebound.
13:50 of 3rd period - Vince Rocco wins face-off versus Joël Perrault in High Goats zone.
14:03 of 3rd period - Wrist shot by Marc-André Bernier.
14:03 of 3rd period - Stopped by Jonathan Bernier with a rebound.
14:05 of 3rd period - Slapshot by Taylor Chorney.
14:05 of 3rd period - Stopped by Jonathan Bernier without a rebound.
14:06 of 3rd period - Ryan Craig wins face-off versus Gilbert Brule in High Goats zone.
14:37 of 3rd period - Wrist shot by Brandon Bochenski.
14:37 of 3rd period - Deflect By Petr Vrana.
14:37 of 3rd period - Shot Blocked by Gilbert Brule.
14:37 of 3rd period - Puck is out of play.
14:38 of 3rd period - Nick Bonino wins face-off versus James Sheppard in High Goats zone.
15:04 of 3rd period - James Sheppard is hit by Brandon Bollig and loses puck.
15:17 of 3rd period - Slapshot by Sami Lepisto.
15:17 of 3rd period - Shot Misses the Net.
15:39 of 3rd period - Snap shot by Ryan Craig.
15:39 of 3rd period - Stopped by Jonathan Bernier with a rebound.
15:51 of 3rd period - Gilbert Brule is hit by Anthony Stewart and loses puck.
16:35 of 3rd period - Jeremy Williams is hit by Brandon Bollig.
16:49 of 3rd period - Janne Niskala is hit by Sami Lepisto.
17:30 of 3rd period - Wrist shot by Chris Stewart.
17:30 of 3rd period - Shot Misses the Net.
17:36 of 3rd period - Gilbert Brule is hit by Masi Marjamaki and loses puck.
18:39 of 3rd period - Nick Bonino is hit by Anton Babchuk and loses puck.
19:25 of 3rd period - Marc-André Bernier is hit by Craig Weller and loses puck.
19:38 of 3rd period - Chris Stewart is hit by Dennis Seidenberg and loses puck.
Overtime #1
0:01 of 1st overtime period - Gilbert Brule wins face-off versus Jeremy Williams in neutral zone.
0:50 of 1st overtime period - Anton Babchuk is hit by Brendon Segal and loses puck.
0:57 of 1st overtime period - Snap shot by Brendon Segal.
0:57 of 1st overtime period - Stopped by Sergei Bobrovsky with a rebound.
0:59 of 1st overtime period - Snap shot by Nick Bonino.
0:59 of 1st overtime period - Shot Misses the Net.
1:01 of 1st overtime period - Slapshot by Brendon Segal.
1:01 of 1st overtime period - Shot Misses the Net.
1:26 of 1st overtime period - Slapshot by Dennis Seidenberg.
1:26 of 1st overtime period - Deflect By Mason Raymond.
1:26 of 1st overtime period - Stopped by Jonathan Bernier without a rebound.
1:27 of 1st overtime period - Gilbert Brule wins face-off versus Jeremy Williams in High Goats zone.
1:32 of 1st overtime period - Dennis Seidenberg is hit by Chris Stewart and loses puck.
2:26 of 1st overtime period - Icing by Anton Stralman.
2:27 of 1st overtime period - Pavel Brendl wins face-off versus Brandon Bochenski in High Goats zone.
2:44 of 1st overtime period - Jeremy Williams is hit by Gord Baldwin and loses puck.
2:57 of 1st overtime period - Snap shot by Ryan Craig.
2:57 of 1st overtime period - Stopped by Jonathan Bernier without a rebound.
2:58 of 1st overtime period - Marco Sturm wins face-off versus Pavel Brendl in High Goats zone.
3:03 of 1st overtime period - Snap shot by Ryan Craig.
3:03 of 1st overtime period - Shot Misses the Net.
3:14 of 1st overtime period - Slapshot by Sami Lepisto.
3:14 of 1st overtime period - Stopped by Sergei Bobrovsky with a rebound.
3:49 of 1st overtime period - Gord Baldwin is hit by Andy Rogers and loses puck.
4:08 of 1st overtime period - Backhand shot by Anton Stralman.
4:08 of 1st overtime period - Stopped by Sergei Bobrovsky with a rebound.
4:10 of 1st overtime period - Snap shot by Pavel Brendl.
4:10 of 1st overtime period - Shot Blocked by Janne Niskala.
4:52 of 1st overtime period - Vladimir Mihalik is hit by Mason Raymond.
4:53 of 1st overtime period - Vladimir Mihalik from Demolitions is injured at 4:53 of 1st overtime period (Bruised Right Shoulder).
4:54 of 1st overtime period - Jeremy Williams wins face-off versus Gilbert Brule in Demolitions zone.
ShootOut
5:00 of 1st overtime period - Penalty Shot by Jeremy Williams for Demolitions.
5:00 of 1st overtime period - Deke by Jeremy Williams.
5:00 of 1st overtime period - Stopped by Jonathan Bernier.
5:00 of 1st overtime period - Penalty Shot by Gilbert Brule for High Goats.
5:00 of 1st overtime period - Wrist shot by Gilbert Brule.
5:00 of 1st overtime period - Shot Misses the Net.
5:00 of 1st overtime period - Penalty Shot by Anthony Stewart for Demolitions.
5:00 of 1st overtime period - Backhand shot by Anthony Stewart.
5:00 of 1st overtime period - Stopped by Jonathan Bernier.
5:00 of 1st overtime period - Penalty Shot by Brad Larsen for High Goats.
5:00 of 1st overtime period - Wrist shot by Brad Larsen.
5:00 of 1st overtime period - Goal by Brad Larsen.
5:00 of 1st overtime period - Penalty Shot by Marco Sturm for Demolitions.
5:00 of 1st overtime period - Backhand shot by Marco Sturm.
5:00 of 1st overtime period - Stopped by Jonathan Bernier.
Output by the SimonT Hockey Simulator (STHS) for François Prévost -- Original Page W3C XHTML 1.0 Valid